 Dungeon Crawl Stone Soup version 0.26.0-10-g1f06aea511 (webtiles) character file.

Game seed: 9177310226327063996

737 vvl the Chopper (level 7, -4/64 HPs)
             Began as a Deep Dwarf Fighter on Jan 13, 2021.
             Killed by divine providence
             ... invoked by an orc priest
              (9 damage)
             ... on level 6 of the Dungeon.
             The game lasted 00:07:36 (1230 turns).

vvl the Chopper (Deep Dwarf Fighter)                Turns: 1230, Time: 00:07:37

Health: -4/64      AC:  7    Str: 22    XL:     7   Next: 46%
Magic:  3/3        EV:  7    Int:  8    God:
Gold:   119        SH: 11    Dex: 18    Spells: 6/6 levels left

rFire    . . .     SeeInvis .   a - +0 war axe
rCold    . . .     Faith    .   c - +0 kite shield
rNeg     . . .     Spirit   .   b - +0 scale mail
rPois    .         Reflect  .   (no helmet)
rElec    .         Harm     .   (no cloak)
rCorr    .         Rampage  .   (no gloves)
Will     +....                  (no boots)
Stlth    ..........             (no amulet)
HPRegen  0.00/turn              g - +6 ring of dexterity
MPRegen  0.08/turn              (no ring)

@: non-regenerating
A: damage resistance, heal wounds, sense surroundings 1, no regeneration
a: Heal Wounds


You were on level 6 of the Dungeon.
You visited 1 branch of the dungeon, and saw 6 of its levels.

You collected 119 gold pieces.

Inventory:

Hand Weapons
 a - a +0 war axe (weapon)
 d - a +3 dire flail of holy wrath
Armour
 b - a +0 scale mail (worn)
 c - a +0 kite shield (worn)
 l - the +0 leather armour "Uponad" {rF+ MP+9}
   (You found it on level 4 of the Dungeon)

   It protects you from fire.
   It affects your magic capacity (+9).
 n - the +2 ring mail of Fun and Games {Harm Will+, unknown}
   (You found it on level 4 of the Dungeon)

   It affects your willpower, your defense against some magical effects.
   It increases damage dealt and taken.
Jewellery
 g - a +6 ring of dexterity (left hand)
Wands
 o - a wand of disintegration (5)
Scrolls
 e - 3 scrolls of identify {unknown}
 f - a scroll of enchant weapon {unknown}
 i - a scroll of immolation {unknown}
 k - a scroll of amnesia {unknown}
Potions
 h - a potion of mutation {unknown}
 j - a potion of brilliance {unknown}
 m - a potion of heal wounds {unknown}


   Skills:
 + Level 4.3 Fighting
 * Level 6.1 Axes
 + Level 5.2 Armour
 + Level 5.2 Shields


You had 6 spell levels left.
You didn't know any spells.
Your spell library was empty.

Dungeon Overview and Level Annotations

Branches:
Dungeon (6/15)
 Temple: D:4-7

Altars:

Annotations:
D:4 Dowan, Duvessa


Innate Abilities, Weirdness & Mutations

You are resistant to damage.
You can heal yourself by infusing magical energy.
You passively map a small area around you.
You do not regenerate.


Message History

Reactivating autopickup.
You feel a bit more experienced.
You hit the wyvern skeleton.
The wyvern skeleton barely misses you. x2
Your Axes skill increases to level 6!
The wyvern skeleton bites you but does no damage.
Found a leatherbound book and 10 gold pieces.
An orc priest comes into view.
The orc priest shouts!
You hear a shout! x3
Unknown command.
An orc and an orc wizard come into view.
The orc wizard shouts!
The orc priest looks braver for a moment.
The orc wizard casts a spell at itself.
The orc wizard flickers and vanishes!
Deactivating autopickup; reactivate with Ctrl-A.
An orc comes into view.
An orc comes into view.
The orc priest calls down the wrath of Beogh upon you.
Beogh smites you!
You die...

*.. #....##..##...# ,
...#....##.......##..,
,
,.....................
....#.#.†............
,
.....#..††........:o..
##............?.....o.
,
....#...≈........o.{o
...##................
, .##
#..##...Z@....... *
#.... ##...........
#..... #...........
.......,#...#.#......
,
....#.......##.$#...#
.........#.## .##..##
* , ... .....## .. .#*
, ,.. * .. ., ,


You could see an orc priest, 3 orcs and a wyvern skeleton.

Vanquished Creatures
  Edmund (D:4)
  2 sky beasts (D:6)
  An ice beast (D:6)
  A black bear (D:6)
  A bullfrog (D:6)
  A hound (D:4)
  An orc wizard (D:3)
  2 worker ants
  4 gnolls (D:5)
  2 adders
  A white imp (D:6)
  An adder skeleton (D:6)
  A dart slug (D:3)
  A leopard gecko (D:2)
  2 orcs (D:3)
  2 giant cockroaches
  9 goblins
  4 hobgoblins
  A quokka (D:5)
  4 bats
  3 frilled lizards
  7 kobolds
  3 rats (D:1)
55 creatures vanquished.

Notes
Turn   | Place    | Note
-------+----------+-------------------------------------------
     0 | D:1      | vvl the Deep Dwarf Fighter began the quest for the Orb.
     0 | D:1      | Reached XP level 1. HP: 20/20 MP: 1/1
   101 | D:1      | Reached XP level 2. HP: 27/27 MP: 2/2
   714 | D:2      | Reached skill level 3 in Axes
   714 | D:2      | Reached XP level 3. HP: 19/33 MP: 3/3
   869 | D:3      | Reached XP level 4. HP: 18/42 MP: 4/4
   886 | D:4      | Noticed Edmund
   909 | D:4      | Got a translucent leather armour
   947 | D:4      | Killed Edmund
   948 | D:4      | Reached skill level 4 in Axes
   948 | D:4      | Reached XP level 5. HP: 13/49 MP: 5/5
   963 | D:4      | Identified the +0 leather armour "Uponad" {rF+ MP+9} (You
                  | found it on level 4 of the Dungeon)
  1037 | D:4      | Noticed Dowan
  1037 | D:4      | Noticed Duvessa
  1059 | D:4      | Got a polished ring mail
  1076 | D:5      | Entered Level 5 of the Dungeon
  1109 | D:5      | Reached XP level 6. HP: 25/56 MP: 6/6
  1122 | D:6      | Noticed an ice beast
  1130 | D:6      | Killed an ice beast
  1131 | D:6      | Reached skill level 5 in Axes
  1183 | D:6      | Noticed a sky beast
  1190 | D:6      | Killed a sky beast
  1201 | D:6      | Noticed a sky beast
  1213 | D:6      | HP: 1/57 [black bear (8)]
  1222 | D:6      | Reached skill level 5 in Armour
  1222 | D:6      | Reached skill level 5 in Shields
  1222 | D:6      | Reached XP level 7. HP: 7/64 MP: 3/3
  1226 | D:6      | Reached skill level 6 in Axes
  1230 | D:6      | Killed from afar by an orc priest

Illustrated notes

Levels and vault maps discovered:
D:1:      dpeg_arrival_simpleton_a, layout_loops_ring
D:2:      layout_basic, nemelex_altar_shiori, st_stairs_4
D:3:      layout_basic, lemuel_angel_altar
D:4:      layout_rooms, minmay_stone_trees_small, minmay_checkerbox,
          uniq_edmund, uniq_duvessa
D:5:      layout_cave_pools
D:6:      layout_cave_pools, minmay_manual_mares

Skill      XL: |  1  2  3  4  5  6  7 |
---------------+----------------------+-----
Axes           | 3 4 5 6 |  6.1
Fighting       | 3 4 |  4.3
Armour         | 4 5 |  5.2
Shields        | 4 5 |  5.2

Action                   |  1- 3 |  4- 6 |  7- 9 || total
-------------------------+-------+-------+-------++-------
Melee: War axe           |   105 |    69 |     4 ||   178
 Abil: Heal Wounds       |       |     6 |       ||     6
Evoke: Wand              |       |     2 |       ||     2
  Use: Potion            |       |     1 |       ||     1
Armor: Scale mail        |    46 |    50 |     7 ||   103
Dodge: Dodged            |    23 |    42 |     2 ||    67
Block: Kite shield       |    58 |    73 |     4 ||   135
